 BcadrenCrawl: Boulder Brew version 0.04.2-19-ga012a504bd (webtiles) character file.

Game seed: 17836828660040857087, levelgen mode: deterministic

2363 Ezendos the Fighter (level 9, -1/61 HPs) Kobold Hunter. Began on May 19, 2021. Was an Initiate of Nemelex Xobeh. Slain by a scorpion (7 damage) ... on level 3 of the Dungeon. The game lasted 00:15:27 (4145 turns).

Ezendos the Fighter (Kobold Hunter)                 Turns: 4145, Time: 00:15:27

Health: -1/61      AC: 10    Str: 13    XL:     9 ^: 532
Magic:  9/9        EV: 16    Int: 12    God:    Nemelex Xobeh [0* [26]]
Gold:   179        SH:  0    Dex: 15    Spells: 8/8 levels left

rFire    . . .     Vision   .   a - +1 hand crossbow
rCold    . . .     Gourm    .   w - +3 dagger
rNeg     . . .     Faith    .   f - +0 ring mail
rPois    .         Spirit   .   (no helmet)
rElec    .         Reflect  .   (no cloak)
rCorr    .         Harm     .   (no gloves)
MR       .....                  (no boots)
Stlth    +.........             (no amulet)
HPRegen  0.30/turn              g - ring of protection
MPRegen  0.19/turn              (no ring)

@: lethally poisoned (-1 -> -20), about to teleport
A: small, carnivore
a: Renounce Religion


You were on level 3 of the Dungeon.
You worshipped Nemelex Xobeh.
Nemelex Xobeh was noncommittal.
You were not hungry.

You visited 1 branch of the dungeon, and saw 3 of its levels.

You collected 179 gold pieces.

Inventory:

Weapons
 a - a +1 hand crossbow (weapon)
 w - a +3 dagger (weapon) Shields
 e - a +0 buckler
Armour
 c - a +0 leather armour
 f - a +0 ring mail (worn)
Jewellery
 g - a ring of protection (left hand)
 j - an uncursed ring of fire
 r - an uncursed ring of intelligence
Wands
 h - a wand of random effects (25)
 p - a wand of disintegration (13)
Scrolls
 b - 2 scrolls of enchantment
 i - 2 scrolls of magic mapping
 o - 2 scrolls of summoning
 q - a scroll of bless item
Potions
 k - a potion of resistance
 m - a potion of haste
Miscellaneous
 n - a plain deck of summoning
Comestibles
 d - 3 rations


   Skills:
 * Level 9.5 Fighting
 - Level 8.9 Crossbows
 + Level 4.0 Armour
 + Level 5.3 Dodging
 - Level 1.3 Stealth


You had 8 spell levels left.
You didn't know any spells.
Your spell library was empty.

Dungeon Overview and Level Annotations

Branches:
Dungeon (3/8)

Altars:
Nemelex Xobeh
Qazlal


Innate Abilities, Weirdness & Mutations

You are small and have problems with some larger weapons.
You are carnivorous and can eat meat at any time.


Message History

The guardian mummy hits you with a hatchet (4).
* * * LOW HITPOINT WARNING * * *
The scorpion barely misses you (0). x4
You hit the hound skeleton (6).
The hound skeleton is severely damaged. (8/20) HP
* * * LOW HITPOINT WARNING * * *
You feel sick. (2)
The hound skeleton barely misses you (0).
The adder skeleton bites you but does no damage.
The scorpion pinches you (1).
* * * LOW HITPOINT WARNING * * *
The scorpion completely misses you (0).
The scorpion bites you but does no damage.
The scorpion closely misses you (0).
The scorpion pinches you but does no damage.
The scorpion closely misses you (0).
The scorpion bites you but does no damage.
The scorpion stings you (7)!
You die...
Your body disappears without a glow.

...#...# #.# ..^##^##..#...##
#.# #+##.##.!.##.#....# #.#
...'.#^?!?.#.#Z.8.# #.#
..'.#>!.!!#§'.##.# ##.#
.'.#.?!?.#Z#..8.# ###..
##.##.?Z##Z#..#.#########
#...##Z##MZ#§.........###
#...§###@sZ#....#####.##
###.ZZMMsZ####### #.#
#.##.ZZZZ### #.#
##.##ZZZ##.#### #.#
#...##Z##...... ###.###
#.#.§M......... #....#.
#####.........##### ####.##
#.....###8#8##############.##
#.....# ######..............#


You could see 2 guardian mummies, 2 mummies, 2 scorpions, a leopard gecko
zombie, an adder zombie, a bullfrog zombie, 2 giant cockroach zombies, 4 adder
skeletons, 3 quokka skeletons, 3 jackal skeletons, 2 hound skeletons and a
bullfrog skeleton.

Vanquished Creatures
  Purgy (D:2)
  A phantom (D:3)
  Edmund (D:3)
  A water moccasin (D:2)
  A scorpion (D:3)
  A crocodile (D:2)
  Blork the orc (D:2)
  2 big kobolds (D:2)
  2 bullfrogs
  9 jellies
  4 worker ants (D:3)
  7 giant cockroaches
  A bullfrog skeleton (D:3)
  A porcupine skeleton (D:3)
  9 adders
  4 gnolls (D:3)
  72 sewer rats
  8 cinder newts
  3 worms (D:2)
  A hound skeleton (D:3)
  An ooze (D:2)
  2 dart slugs (D:1)
  6 leopard geckos
  10 orcs (D:3)
  2 adder skeletons
  4 ball pythons
  8 bats
  4 goblins (D:1)
  5 hobgoblins (D:1)
  2 jackals (D:3)
  21 kobolds
  A ball python skeleton (D:2)
  A bat skeleton (D:2)
  A goblin skeleton (D:2)
  2 hobgoblin skeletons (D:2)
  A leopard gecko skeleton (D:2)
  2 rats (D:1)
  A slimehead (D:2)
  11 withered plants (D:2)
215 creatures vanquished.

Vanquished Creatures (collateral kills)
  A sewer rat (D:2)
1 creature vanquished.

Vanquished Creatures (others)
  A jelly (D:2)
  A giant cockroach (D:2)
  A worm (D:2)
  A ball python (D:2)
  A goblin skeleton (D:2)
  A quokka skeleton (D:2)
  7 slimeheads (D:2)
  132 withered plants (D:2)
145 creatures vanquished.

Grand Total: 361 creatures vanquished

Notes
Turn   | Place    | Note
-------+----------+-------------------------------------------
     0 | D:1      | Ezendos the Kobold Hunter began the quest for the Orb.
     0 | D:1      | Reached XP level 1. HP: 12/12 MP: 1/1
     9 | D:1      | Reached skill level 5 in Crossbows
     9 | D:1      | Reached XP level 2. HP: 17/17 MP: 2/2
    36 | D:1      | Reached XP level 3. HP: 21/21 MP: 3/3
   298 | D:1      | Reached XP level 4. HP: 26/26 MP: 4/4
   643 | D:2      | Reached XP level 5. HP: 30/30 MP: 5/5
   862 | D:1      | Reached XP level 6. HP: 25/35 MP: 6/6
  1112 | D:2      | Reached skill level 3 in Fighting
  1112 | D:2      | Reached XP level 7. HP: 41/41 MP: 7/7
  1119 | D:2      | Noticed Blork the orc
  1131 | D:2      | Killed Blork the orc
  1131 | D:2      | Reached skill level 1 in Armour
  1218 | D:2      | Reached skill level 4 in Fighting
  1275 | D:2      | Found a stormy altar of Qazlal.
  1539 | D:2      | Reached skill level 5 in Fighting
  1570 | D:2      | Reached XP level 8. HP: 49/49 MP: 8/8
  1752 | D:2      | Reached skill level 6 in Fighting
  1938 | D:2      | Reached skill level 7 in Fighting
  2150 | D:2      | Reached XP level 9. HP: 55/57 MP: 9/9
  2216 | D:2      | Noticed Purgy
  2235 | D:2      | Killed Purgy
  2264 | D:2      | Reached skill level 8 in Fighting
  2701 | D:2      | Reached skill level 5 in Dodging
  2910 | D:3      | Connectivity tunneler affected ossuary_due_mausoleum.
  2910 | D:3      | Connectivity tunneler affected ossuary_due_mausoleum.
  3012 | D:3      | Found a sparkling altar of Nemelex Xobeh.
  3028 | D:3      | Became a worshipper of Nemelex Xobeh the Trickster
  3044 | D:3      | Reached skill level 9 in Fighting
  3147 | D:3      | Received a gift from Nemelex Xobeh
  3194 | D:3      | Noticed Edmund
  3246 | D:3      | Killed Edmund
  4075 | D:3      | Identified a scroll of acquirement
  4145 | D:3      | Slain by a scorpion

Levels and vault maps discovered:
D:1:      dpeg_arrival_simpleton_c, layout_basic, serial_bayou_pond_c,
          minmay_misc_feat_cross
D:2:      layout_sewer, nicolae_qazlal_general_emergency, first_ration,
          kennysheep_small_square, uniq_purgy, uniq_menkaure, uniq_blork_the_orc
D:3:      ossuary_due_mausoleum, layout_basic,
          nemelex_xobeh_ov_fountains_minmay, serial_co_window_serial,
          co_window_corner_a, co_window_corner_a, co_window_of_opportunity_a,
          co_window_paths_a, co_window_paths_a, co_window_of_opportunity_a,
          co_window_corner_a, co_window_corner_b, co_window_unsneaky_path_a,
          co_window_2corner, co_window_corner_b, co_window_corner_cb,
          co_window_corner_b, glass_columns_a, glass_columns_c, glass_columns_a,
          glass_columns_a, glass_columns_a, uniq_edmund

Skill      XL: |  1  2  3  4  5  6  7  8  9 |
---------------+----------------------------+-----
Crossbows      | 5 6 7 8 |  8.9
Fighting       | 3 5 7 9 |  9.5
Armour         | 2 4 |  4.0
Dodging        | 3 4 5 |  5.3
Stealth        | |  1.3

Action                   |  1- 3 |  4- 6 |  7- 9 || total
-------------------------+-------+-------+-------++-------
Melee: Dagger            |     1 |    86 |   265 ||   352
 Fire: Hand crossbow     |    29 |    70 |   299 ||   398
  Use: Scroll            |       |       |     4 ||     4
       Potion            |       |       |     1 ||     1
  Eat: Chunk             |       |     1 |     9 ||    10
       Ration            |       |       |     1 ||     1
Armor: Ring mail         |       |    28 |   110 ||   138
Dodge: Dodged            |       |    90 |   438 ||   528
Block: Buckler           |       |       |     1 ||     1
